 Dungeon Crawl Stone Soup version 0.29.1-13-g9f3cf754e1 (webtiles) character file.

Game seed: 10701978715789128034

518 booth the Firebug (level 7, 0/49 HPs)
             Began as a Demonspawn Fire Elementalist on Jan 24, 2023.
             Slain by an orc priest
             ... wielding a +2 flail of protection
              (2 damage)
             ... on level 3 of the Dungeon.
             The game lasted 00:28:17 (3665 turns).

booth the Firebug (Demonspawn Fire Elementalist)    Turns: 3665, Time: 00:28:17

Health: 0/49       AC:  6    Str:  7 (8)  XL:     7   Next: 1%
Magic:  0/12       EV: 12    Int: 18 (19) God:
Gold:   72         SH:  0    Dex: 10 (13) Spells: 4/13 levels left

rFire   . . .      SeeInvis .   n - +1 hand axe (venom)
rCold   . . .      Faith    .   (no shield)
rNeg    . . .      Spirit   +   a - +0 robe
rPois   .          Reflect  .   (helmet restricted)
rElec   .          Harm     .   k - +0 cloak
rCorr   .          Rampage  .   f - +0 pair of gloves
Will    .....                   (no boots)
Stlth   ++........              i - amulet of magic regeneration
HPRegen 0.16/turn               (no ring)
MPRegen 0.66/turn               (no ring)

@: no status effects
A: antennae 2, yellow scales 1, demonic guardian 1, magic shield, magic
regeneration
a: no special abilities


You were on level 3 of the Dungeon.
You visited 1 branch of the dungeon, and saw 4 of its levels.

You collected 72 gold pieces.

Inventory:

Hand Weapons
 d - a +0 whip
 g - a +1 vampiric dagger
 n - a +1 hand axe of venom (weapon)
 o - a +1 dagger of venom
Missiles
 l - a throwing net
 p - 6 poisoned darts
Armour
 a - a +0 robe (worn)
 f - a +0 pair of gloves (worn)
 k - a +0 cloak (worn)
 r - a +0 leather armour
Jewellery
 i - an amulet of magic regeneration (around neck)
Wands
 u - a wand of quicksilver (2)
Scrolls
 e - a scroll of magic mapping {unknown}
 h - 2 scrolls of enchant armour {unknown}
 j - a scroll of vulnerability
 m - a scroll of fear
 q - 2 scrolls of teleportation {unknown}
 t - a scroll of identify
 v - a scroll of enchant weapon {unknown}
Potions
 b - a potion of magic
 c - a potion of haste {unknown}


   Skills:
 + Level 1.8 Fighting
 + Level 1.3 Short Blades
 + Level 0.8 Maces & Flails
 + Level 2.6 Dodging
 + Level 2.4 Stealth
 + Level 3.7 Spellcasting
 + Level 2.7 Conjurations
 + Level 4.4 Fire Magic


You had 4 spell levels left.
You knew the following spells:

 Your Spells              Type           Power      Damage    Failure   Level
a - Foxfire               Conj/Fire      64%        2x1d7     3%          1
b - Scorch                Fire           38%        2d7       3%          2
c - Conjure Flame         Conj/Fire      16%        6-21      11%         3
d - Inner Flame           Hex/Fire       11%        N/A       19%         3

Your spell library contained the following spells:

 Spells                   Type           Power      Damage    Failure   Level
 Flame Wave               Conj/Fire      16%        2d7       34%         4


Dungeon Overview and Level Annotations

Branches:
Dungeon (4/15)
 Temple: D:4-7

Altars:
Sif Muna

Annotations:
D:3 3 runed translucent doors, DemonSlayer's ghost, weakling DsEE


Innate Abilities, Weirdness & Mutations

You have a pair of antennae on your head.
You are partially covered in yellow scales. (AC +2)
A weak demonic guardian rushes to your aid.
When hurt, damage is shared between your health and your magic reserves.
You regenerate magic rapidly.


Message History

The orc hits you with a +0 club.
You barely miss the orc. The orc completely misses you.
You hit the orc.
The orc is poisoned.
The orc is moderately wounded.
The orc misses you.
The orc priest calls down the wrath of Beogh upon you.
Beogh smites you!
Casting: Foxfire (safe; 3% risk of failure)
Confirm with . or Enter, or press ? or * to list all spells.
You conjure some foxfire!
The orc misses you.
The orc priest calls down the wrath of Beogh upon you.
Beogh smites you!
You barely miss the orc.
The orc is severely wounded.
You kill the orc!
The foxfire hits the orc priest but does no damage.
The orc priest calls down the wrath of Beogh upon you.
Beogh smites you!
* * * LOW HITPOINT WARNING * * *
Casting: Foxfire (safe; 3% risk of failure)
Confirm with . or Enter, or press ? or * to list all spells.
You conjure some foxfire!
The foxfire hits the orc priest.
The orc priest is lightly wounded.
The foxfire hits the orc priest but does no damage.
The orc priest is lightly wounded.
You hit the orc priest but do no damage.
The orc priest is poisoned.
The orc priest is lightly wounded.
The orc priest hits you with a +2 flail of protection.
* * * LOW HITPOINT WARNING * * *
A demonic guardian appears!
The orc priest invokes the aid of Beogh against you.
Pain shoots through your body!
* * * LOW HITPOINT WARNING * * *
It was a potion of degeneration.
There was something very wrong with that liquid.
You feel weakened.
You feel dopey.
You feel clumsy.
The orc priest hits you with a +2 flail of protection.
You die...

# #..........#.....# #.# #.# #
#..........###'#.# #.# #.# #
#).........# #.#.# #.. ...
###..........###.#.# #..
..'............#.#.# #.# .#
)####........#.#)#.# #.# ..
.####..........#.#.# #.#
.#:##.......####5#.# #.#
.#:#######...).o@#.# #.# .#:#
#########.########.# .###
######.................##### ##
#....................(.....#
######....................#####.#
.....'............###.....# #.#
######............# #.....# #.# #
#............# #.....# #.. #
#............###.....#######


You could see an orc priest (very poisoned, ally target) and a friendly white
imp (summoned).

Vanquished Creatures
  Grinder (D:3)
  A necrophage (D:4)
  A hound (D:3)
  An iguana (D:4)
  An orc wizard (D:3)
  Ijyb (D:3)
  Robin (D:2)
  4 adders
  2 worms
  A dart slug (D:2)
  9 orcs (D:3)
  9 endoplasms
  2 giant cockroaches
  11 goblins
  9 hobgoblins
  3 jackals (D:3)
  4 quokkas
  5 ball pythons
  3 bats
  2 frilled lizards
  14 kobolds
  4 rats (D:2)
89 creatures vanquished.

Vanquished Creatures (collateral kills)
  A hobgoblin (D:2)
1 creature vanquished.

Vanquished Creatures (others)
  185 foxfires
185 creatures vanquished.

Grand Total: 275 creatures vanquished

Notes
Turn   | Place    | Note
-------+----------+-------------------------------------------
     0 | D:1      | booth the Demonspawn Fire Elementalist began the quest for
                  | the Orb.
     0 | D:1      | Reached XP level 1. HP: 13/13 MP: 3/3
   278 | D:1      | Reached skill level 3 in Fire Magic
   278 | D:1      | Gained mutation: A weak demonic guardian rushes to your
                  | aid. [demonic ancestry]
   278 | D:1      | Reached XP level 2. HP: 19/19 MP: 3/5
   778 | D:1      | Learned a level 2 spell: Scorch
   885 | D:1      | Found a faded altar of an unknown god.
  1162 | D:2      | Gained mutation: You regenerate magic rapidly. [demonic
                  | ancestry]
  1162 | D:2      | Reached XP level 3. HP: 24/24 MP: 6/6
  1175 | D:2      | Noticed Robin
  1201 | D:2      | HP: 1/24 [Robin/+0 trident (4)]
  1202 | D:2      | Killed Robin
  1852 | D:2      | Gained mutation: When hurt, damage is shared between your
                  | health and your magic reserves. [demonic ancestry]
  1852 | D:2      | Reached XP level 4. HP: 31/31 MP: 5/7
  2346 | D:3      | Found a runed translucent gate.
  2347 | D:3      | Found a runed translucent gate.
  2350 | D:3      | Found a runed translucent gate.
  2409 | D:3      | Noticed DemonSlayer's ghost (weakling DsEE)
  2491 | D:3      | Gained mutation: You are partially covered in yellow
                  | scales. (AC +2) [demonic ancestry]
  2491 | D:3      | Reached XP level 5. HP: 20/36 MP: 7/9
  2741 | D:3      | Reached skill level 1 in Fighting
  2774 | D:3      | You fall into a shaft and drop 1 floor!
  2816 | D:4      | Reached skill level 4 in Fire Magic
  2884 | D:3      | Noticed Grinder
  3121 | D:3      | Gained mutation: You have a pair of small antennae on your
                  | head. [demonic ancestry]
  3121 | D:3      | Reached XP level 6. HP: 31/43 MP: 6/10
  3325 | D:3      | Learned a level 3 spell: Conjure Flame
  3326 | D:3      | Paralysed by Grinder for 4 turns
  3338 | D:3      | Paralysed by Grinder for 3 turns
  3358 | D:3      | Killed Grinder
  3359 | D:3      | Reached skill level 1 in Short Blades
  3414 | D:3      | Learned a level 3 spell: Inner Flame
  3519 | D:3      | Noticed Ijyb
  3572 | D:3      | Found a shimmering blue altar of Sif Muna.
  3608 | D:3      | Killed Ijyb
  3653 | D:3      | Gained mutation: You have a pair of antennae on your head.
                  | [demonic ancestry]
  3653 | D:3      | Reached XP level 7. HP: 34/49 MP: 12/12
  3664 | D:3      | HP: 2/49 [orc priest/nerve-wracking pain (7)]
  3665 | D:3      | Slain by an orc priest

Illustrated notes

Levels and vault maps discovered:
D:1:      dpeg_arrival_lava_altar, layout_basic, ebering_ecumenical_altar_box
D:2:      layout_rooms, kennysheep_generic_room_6, uniq_robin
D:3:      layout_basic, nicolae_sif_muna_little_library, gammafunk_ghost_icy,
          chequers_serial_rivers_marsh, uniq_ijyb, uniq_grinder
D:4:      layout_cave_pools, gammafunk_ghost_necromancy,
          nicolae_figureground_pulse, uniq_edmund, uniq_crazy_yiuf_cottage

Skill      XL: |  1  2  3  4  5  6 |
---------------+-------------------+-----
Dodging        | 2 |  2.6
Fire Magic     | 3 4 |  4.4
Stealth        | 2 |  2.4
Conjurations   | 2 |  2.7
Fighting       | 1 |  1.8
Spellcasting   | 3 |  3.7
Short Blades   | 1 |  1.3
Maces & Flails | |  0.8

Action                   |  1- 3 |  4- 6 |  7- 9 || total
-------------------------+-------+-------+-------++-------
Melee: Whip              |    24 |     9 |       ||    33
       Punch             |     2 |       |       ||     2
       Dagger            |       |    45 |       ||    45
       Hand axe          |       |     7 |     5 ||    12
 Cast: Foxfire           |    55 |    55 |     2 ||   112
       Scorch            |     3 |     4 |       ||     7
       Conjure Flame     |       |     1 |       ||     1
  Use: Scroll            |       |     5 |       ||     5
       Potion            |       |     2 |     1 ||     3
Armor: Robe              |     8 |    26 |       ||    34
Dodge: Dodged            |    29 |    43 |     5 ||    77
